Selects Australian Defense Battlegroup
Selects Australian Light Infantry Section
Australian Light Infantry Section
Construct Section Command Post
Australian Light Infantry Section
Construct Field Infirmary
Construct Platoon Command Post
Selects 2-pounder Anti-tank Gun Team
2-pounder Anti-tank Gun Team
Unlock Bishop Self-propelled Artillery
Bishop Self-propelled Artillery
Selects CMP 15cwt Supply Run
2-pounder Anti-tank Gun Team
Selects Vehicle Over Repair
Construct Company Command Post
Australian Light Infantry Section
Selects CMP 15cwt Supply Run
Selects Reinforced Resource Caches